 Dungeon Crawl Stone Soup version 0.30-a0-457-g4b7bca3bfa (webtiles) character file.

Game seed: 9662804906289449363

32 MackTheKnife the Magician (level 3, -2/25 HPs)
             Began as a Djinni Ice Elementalist on Dec 12, 2022.
             Slain by a black bear (5 damage)
             ... on level 2 of the Dungeon.
             The game lasted 00:03:07 (1049 turns).

MackTheKnife the Magician (Djinni Ice Elementalist) Turns: 1049, Time: 00:03:08

Health: -2/25      AC:  3    Str:  7    XL:     3   Next: 45%
Gold:   42         EV: 11    Int: 18    God:
                   SH:  0    Dex: 13

rFire   + + .      SeeInvis .    c - +0 short sword {short}
rCold   x . .      Faith    .    (no shield)
rNeg    . . .      Spirit   .    d - +0 leather armour
rPois   ∞          Reflect  .    (no helmet)
rElec   .          Harm     .    (no cloak)
rCorr   .          Rampage  .    (no gloves)
Will    .....                    (boots unavailable)
Stlth   ++........               (no amulet)
HPRegen 0.24/turn                (no ring)
MPRegen 0.00/turn                (no ring)

@: flying
A: sickness immunity, fire resistance 2, cold vulnerability 1, float, innate
caster, HP casting, extra vitality 1
a: no special abilities


You were on level 2 of the Dungeon.
You visited 1 branch of the dungeon, and saw 2 of its levels.

You collected 42 gold pieces.


Innate Abilities, Weirdness & Mutations

You are immune to sickness and miasma.
You are immune to poison.
Your flesh is very heat resistant. (rF++)
You are vulnerable to cold. (rC-)
You float through the air rather than walking.
You learn spells naturally, not from books.
Your magical power is your life essence.
You have superior vitality. (+4 MHP)


   Skills:
 - Level 2.1 Dodging
 - Level 1.5 Stealth
 + Level 4.0 Spellcasting


You couldn't memorise any spells.
You knew the following spells:

 Your Spells              Type           Power      Damage    Failure   Level
a - Freeze                Ice            72%        1d8       4%          1
b - Frozen Ramparts       Ice            36%        1d6       12%         3
c - Ozocubu's Armour      Ice            18%        N/A       12%         3
d - Summon Ice Beast      Ice/Summ       18%        N/A       38%         4
e - Sting                 Tmut/Pois      72%        1d6       4%          1
Your spell library was empty.

Inventory:

Hand Weapons
 c - a +0 short sword (weapon) {short}
   (You found it on level 2 of the Dungeon)
Missiles
 j - 4 stones {throwing}
Armour
 a - a +0 robe
 b - a +0 leather armour
   (You found it on level 2 of the Dungeon)
 d - a +0 leather armour (worn)
   (You found it on level 1 of the Dungeon)
Scrolls
 e - 2 scrolls of identify {unknown}
 f - a scroll of magic mapping {unknown}
 g - a scroll of butterflies {unknown}
Potions
 h - a potion of ambrosia {unknown}
 i - a potion of brilliance {unknown}

Dungeon Overview and Level Annotations

Branches:
Dungeon (2/15) Zot: 10951

Altars:

Annotations:
D:2 Sigmund

#..## #...# ##.## #.# #.#
#.# ###### # #.########.....
...##.########........#.####
#..$...((h@....#####.#.####
##.......#####.#####.#.#...
..(...###.# #.##....#.#.##
.(.... #.# #.##.#..#.#.##
###.# #.# #....#..#..... #.
..# #.......###.## # ###
##.###......# #.# ########
.# #.####


You could see a black bear (berserk, very poisoned).


Message History

You now have 42 gold pieces (gained 11).
Done exploring.
Done exploring.
Done exploring.
Done exploring.
There is a stone staircase leading down here.
You fly downwards.
Level annotation: Sigmund The hobgoblin shouts!
There is a stone staircase leading up here.
Casting: Freeze (safe; 4% risk of failure)
Confirm with . or Enter, or press ? or * to list all spells.
Okay, then.
Unknown command.
You freeze the hobgoblin!
You kill the hobgoblin! 😕 HP[-1]
You take 1 damage, and now have 24/25 hp.
You can't see any susceptible monsters within range! (Use Z to cast anyway.)
You can't see any susceptible monsters within range! (Use Z to cast anyway.) Key pressed, stopping explore.
Key pressed, stopping explore.
A black bear comes into view.
The black bear growls angrily. 😎 HP[+1]
Your hp is fully restored (25).
Casting: Freeze (safe; 4% risk of failure)
Confirm with . or Enter, or press ? or * to list all spells.
Okay, then.
Unknown command.
Throw: 6 darts (poison) {throwing}
Press: ? - help, Q - select action, (/) - cycle Shift-Dir - straight line, f - black bear
Aim: a black bear (64% to hit)
You throw a poisoned dart {throwing}.
The poisoned dart {throwing} barely misses the black bear.
Throw: 5 darts (poison) {throwing}
Press: ? - help, Q - select action, (/) - cycle Shift-Dir - straight line, f/p - black bear
Aim: a black bear (64% to hit)
You throw a poisoned dart {throwing}.
The poisoned dart {throwing} hits the black bear.
Throw: 4 darts (poison) {throwing}
Press: ? - help, Q - select action, (/) - cycle Shift-Dir - straight line, f/p - black bear
Aim: a black bear (64% to hit)
You throw a poisoned dart {throwing}.
The poisoned dart {throwing} hits the black bear.
The black bear is poisoned.
The black bear looks more healthy.
Throw: 3 darts (poison) {throwing}
Press: ? - help, Q - select action, (/) - cycle Shift-Dir - straight line, f/p - black bear
Aim: a black bear (moderately wounded, 64% to hit)
You throw a poisoned dart {throwing}.
The poisoned dart {throwing} hits the black bear.
The black bear is poisoned.
Throw: 2 darts (poison) {throwing}
Press: ? - help, Q - select action, (/) - cycle Shift-Dir - straight line, f/p - black bear
Aim: a black bear (moderately wounded, poisoned, 64% to hit)
You throw a poisoned dart {throwing}.
The poisoned dart {throwing} hits the black bear.
The black bear looks even sicker.
Throw: dart (poison) {throwing}
Press: ? - help, Q - select action, (/) - cycle Shift-Dir - straight line, f/p - black bear
Aim: a black bear (moderately wounded, very poisoned, 64% to hit)
You throw a poisoned dart {throwing}.
The poisoned dart {throwing} hits the black bear.
The black bear looks even sicker.
The black bear closely misses you. The black bear claws you. x2 😕 HP[-3]
You take 3 damage, and now have 22/25 hp.
Casting: Freeze (safe; 4% risk of failure)
Confirm with . or Enter, or press ? or * to list all spells.
Aiming: Freeze (safe; 4% risk of failure)
Press: ? - help, Shift-Dir - straight line, f/p - black bear
Aim: a black bear (moderately wounded, very poisoned)
You freeze the black bear! The black bear bites you.
The black bear claws you. x2 😮 HP[-9]
You take 9 damage, and now have 13/25 hp.
MASSIVE DAMAGE!! (PAUSE)
Casting: Freeze (safe; 4% risk of failure)
Confirm with . or Enter, or press ? or * to list all spells.
Aiming: Freeze (safe; 4% risk of failure)
Press: ? - help, Shift-Dir - straight line, f/p - black bear
Aim: a black bear (severely wounded, very poisoned)
You freeze the black bear.
* * * LOW HITPOINT WARNING * * *
The black bear goes berserk! 😨 HP[-1]
You take 1 damage, and now have 12/25 hp.
Casting: Freeze (safe; 4% risk of failure)
Confirm with . or Enter, or press ? or * to list all spells.
Aiming: Freeze (safe; 4% risk of failure)
Press: ? - help, Shift-Dir - straight line, f/p - black bear
Aim: a black bear (severely wounded, berserk, very poisoned)
You freeze the black bear.
* * * LOW HITPOINT WARNING * * *
The black bear bites you!
* * * LOW HITPOINT WARNING * * *
The black bear claws you.
* * * LOW HITPOINT WARNING * * *
The black bear claws you.
You die...

Skill      XL: |  1  2  3 |
---------------+----------+-----
Spellcasting   | 4 |  4.0
Dodging        | |  2.1
Stealth        | |  1.5

Action                   || total
-------------------------++-------
Melee: Short sword       ||    28
       Unarmed           ||     2
       Punch             ||     1
Throw: Dart              ||     6
 Cast: Freeze            ||    43
Armor: Robe              ||     7
       Leather armour    ||     9
Dodge: Dodged            ||    42

Levels and vault maps discovered:
D:1:      scummos_arrival_star, layout_rooms
D:2:      layout_loops_cross, uniq_sigmund

Notes
Turn   | Place    | Note
-------+----------+-------------------------------------------
     0 | D:1      | MackTheKnife the Djinni Ice Elementalist began the quest
                  | for the Orb.
     0 | D:1      | MackTheKnife set off with the following spells memorised:
                  | Freeze, Frozen Ramparts, Ozocubu's Armour, Summon Ice
                  | Beast.
     0 | D:1      | Reached XP level 1. HP: 15/15 MP: 0/0
     0 | D:1      | magus.rc [v1.9.6]
    14 | D:1      | You are sucked into a shaft and drop 1 floor!
   137 | D:2      | Noticed Sigmund
   333 | D:1      | Reached XP level 2. HP: 19/21 MP: 0/0
   603 | D:1      | Reached XP level 3. HP: 13/25 MP: 0/0
   603 | D:1      | Learned a level 1 spell: Sting
   918 | D:1      | Reached skill level 4 in Spellcasting
  1036 | D:2      | Noticed a black bear
  1049 | D:2      | HP: 5/25 [black bear (7)]
  1049 | D:2      | Slain by a black bear

Vanquished Creatures
  3 endoplasms (D:1)
  2 giant cockroaches (D:1)
  8 goblins (D:1)
  3 hobgoblins
  2 ball pythons (D:2)
  2 bats
  3 frilled lizards (D:1)
  3 kobolds (D:1)
  3 rats (D:1)
29 creatures vanquished.

Table legend:
 A = Non-vault XP
 B = Vault XP
 C = Vault XP percentage of total XP
 D = Non-vault monster count
 E = Vault monster count
 F = Vault count percentage of total count
                 A         B        C        D         E       F
            +---------+---------+-------+---------+---------+-------
      Total |      47 |       0 |   0.0 |      29 |       0 |   0.0
            +---------+---------+-------+---------+---------+-------
        D:1 |      41 |       0 |   0.0 |      25 |       0 |   0.0
        D:2 |       6 |       0 |   0.0 |       4 |       0 |   0.0
            +---------+---------+-------+---------+---------+-------

Illustrated notes

Table legend:
 A = Kills in this place as a percentage of kills in entire the game.
 B = Kills by you in this place as a percentage of kills by you in the entire game.
 C = Kills by friends in this place as a percentage of kills by friends in the entire game.
 D = Other kills in this place as a percentage of other kills in the entire game.
 E = Experience gained in this place as a percentage of experience gained in the entire game.
 F = Experience gained in this place divided by the number of levels of this place that you have seen.
                   A       B       C       D       E      F
               +-------+-------+-------+-------+-------+----------------------
         Total | 100.0 | 100.0 |   N/A |   N/A | 100.0 |  23.5
       Dungeon | 100.0 | 100.0 |   N/A |   N/A | 100.0 |  23.5
               +-------+-------+-------+-------+-------+----------------------

Table legend: (Time is in decaauts)
 A = Elapsed time spent in this place.
 B = Non-inter-level travel time spent in this place.
 C = Inter-level travel time spent in this place.
 D = Time resting spent in this place.
 E = Time spent auto-exploring this place.
 F = Levels seen in this place.
 G = Mean time per level.
                   A        B        C        D        E       F      G
               +--------+--------+--------+--------+--------+-----+--------+
         Total |   1047 |   1041 |      6 |    198 |    635 |   2 |  523.5 |
       Dungeon |   1047 |   1041 |      6 |    198 |    635 |   2 |  523.5 |
               +--------+--------+--------+--------+--------+-----+--------+

Top non-repeatable levels by time:
     D:1: 839 daAuts
     D:2: 207 daAuts
